 Dungeon Crawl Stone Soup version 0.26.1-11-gd32895ea62 (webtiles) character file.

Game seed: 13979147748945931484

341 Zeld the Grasshopper (level 6, -11/54 HPs)
             Began as a Palentonga Warper on June 15, 2021.
             Mangled by an ogre
             ... wielding a +6 great mace
              (26 damage)
             ... on level 3 of the Dungeon.
             The game lasted 00:08:43 (4880 turns).

Zeld the Grasshopper (Palentonga Warper)            Turns: 4880, Time: 00:08:44

Health: -11/54     AC:  7    Str: 16    XL:     6   Next: 30%
Magic:  10/10      EV: 10    Int: 14    God:
Gold:   123        SH:  0    Dex:  9    Spells: 2/10 levels left

rFire    . . .     SeeInvis +   n - +0 great mace (curse)
rCold    . . .     Faith    .   (shield currently unavailable)
rNeg     . . .     Spirit   .   k - +2 robe {Will+}
rPois    .         Reflect  .   (no helmet)
rElec    .         Harm     .   (no cloak)
rCorr    .         Rampage  .   f - +0 pair of gloves
Will     +....                  (no barding)
Stlth    +.........             (no amulet)
HPRegen  0.18/turn              (no ring)
MPRegen  0.12/turn              (no ring)

@: very slow
A: large, rugged brown scales 3, see invisible, deformed body, roll 1, armoured
tail
a: Rolling Charge


You were on level 3 of the Dungeon.
You visited 1 branch of the dungeon, and saw 3 of its levels.

You collected 123 gold pieces.

Inventory:

Hand Weapons
 a - a +0 mace
 n - a cursed +0 great mace (weapon)
Armour
 f - a +0 pair of gloves (worn)
 k - a +2 robe of willpower (worn)
Jewellery
 p - an uncursed ring of stealth {unknown}
Scrolls
 c - a scroll of identify
 d - a scroll of blinking
 g - 2 scrolls of teleportation
 i - a scroll of magic mapping
 o - a scroll of enchant armour
Potions
 b - a potion of ambrosia {unknown}
 e - a potion of curing {unknown}
 h - 2 potions of heal wounds {unknown}
 j - 2 potions of flight {unknown}
 l - a potion of berserk rage {unknown}
 m - a potion of cancellation {unknown}


   Skills:
 + Level 3.1 Fighting
 * Level 3.9 Maces & Flails
 - Level 0.6 Throwing
 - Level 0.7 Armour
 + Level 2.5 Dodging
 + Level 2.9 Spellcasting
 * Level 4.5 Translocations


You had 2 spell levels left.
You knew the following spells:

 Your Spells              Type           Power        Failure   Level
a - Blink                 Tloc           N/A          4%          2
b - Gell's Gravitas       Tloc           7%           10%         3
c - Lesser Beckoning      Tloc           7%           10%         3

Your spell library contained the following spells:

 Spells                   Type           Power        Failure   Level
 Teleport Other           Tloc           14%          10%         3
 Passage of Golubria      Tloc           N/A          32%         4


Dungeon Overview and Level Annotations

Branches:
Dungeon (3/15)

Altars:
Nemelex Xobeh

Annotations:
D:3 Diggabert's ghost, amateur DECj


Innate Abilities, Weirdness & Mutations

You are completely covered in rugged brown scales. (AC +3, +7% HP)
You have supernaturally acute eyesight. (SInv)
Armour fits poorly on your strangely shaped body.
You can roll at nearby foes to attack.
You have a long armoured tail.


Message History

The magic dart hits you.
There is a transporter here.
You enter the transporter and appear at another place.
The ogre hits you with a +6 great mace!!
There is a transporter here.
Roll where?
Press: ? - help, Dir - move target, f - ogre
Aim: an ogre, wielding a +6 great mace You roll forward with a clatter of scales!
You barely miss the ogre.
Your tail-slap misses the ogre.
The ogre hits you with a +6 great mace!
* * * LOW HITPOINT WARNING * * *
Diggabert's ghost grins evilly.
The ogre barely misses you.
You enter the shallow water.
Moving in this stuff is going to be slow.
You enter the shallow water.
Moving in this stuff is going to be slow.
The ogre hits you with a +6 great mace!!
You die...

#..##.#≈≈#####.......... ## #..
#.#≈≈#.............. #.. ......
#..≈≈....#.######... #.# #.#.#
##.≈≈≈...#.######... #.# #.#.#
#..≈≈..≈...((..).).. #.# #.#.#
#≈.≈≈..≈##.######... ##.## #.#.#
#..≈≈..≈##.# #.##### #...###.#.#
#..≈≈≈..##.# #.#....
.....##.#.####..@O.≈≈##.###.#W.##
....[.#)#........≈≈..##.....#O#..
................≈≈≈.≈###..#.#.#..
......#.####.#≈.≈≈...# ##..©#$.##
.....##.# #.#..≈....# #...#)...
>...###.####.#≈.≈≈≈..# ##.©#..##
.#.####....#.##.≈≈≈..# ##.#.#..
...........#.##.≈≈.#.# #.#.#..
###.#####.......≈≈...# #.#..##


You could see an ogre.

Vanquished Creatures
  Sigmund (D:2)
  Jessica (D:2)
  An orc wizard (D:3)
  5 adders
  2 worms
  A dart slug (D:2)
  A leopard gecko (D:1)
  7 orcs (D:3)
  2 ball pythons (D:1)
  9 bats
  6 giant cockroaches
  7 hobgoblins
  3 jackals (D:2)
  4 frilled lizards
  3 goblins
  4 kobolds
  8 rats
65 creatures vanquished.

Notes
Turn   | Place    | Note
-------+----------+-------------------------------------------
     0 | D:1      | Zeld the Palentonga Warper began the quest for the Orb.
     0 | D:1      | Reached XP level 1. HP: 18/18 MP: 3/3
   396 | D:1      | Reached XP level 2. HP: 25/25 MP: 5/5
   405 | D:1      | Learned a level 2 spell: Blink
  1315 | D:2      | Reached XP level 3. HP: 31/31 MP: 6/6
  1335 | D:2      | Learned a level 3 spell: Gell's Gravitas
  1392 | D:2      | Noticed Jessica
  1399 | D:2      | Killed Jessica
  1481 | D:2      | Reached XP level 4. HP: 39/39 MP: 7/7
  1653 | D:2      | Noticed Sigmund
  3205 | D:2      | Killed Sigmund
  3206 | D:2      | Reached skill level 4 in Translocations
  3206 | D:2      | Reached XP level 5. HP: 34/47 MP: 7/9
  3212 | D:2      | Learned a level 3 spell: Lesser Beckoning
  3743 | D:3      | Reached XP level 6. HP: 48/53 MP: 4/10
  4562 | D:3      | Found a sparkling altar of Nemelex Xobeh.
  4659 | D:3      | Noticed Diggabert's ghost (amateur DECj)
  4660 | D:3      | Found a transporter.
  4664 | D:3      | Found a transporter.
  4880 | D:3      | Mangled by an ogre

Illustrated notes

Levels and vault maps discovered:
D:1:      nicolae_arrival_memento_mori, layout_loops_ring,
          minmay_misc_feat_diagonals
D:2:      layout_basic, minmay_quadrilaterals, uniq_jessica, uniq_sigmund
D:3:      layout_loops_ring, gammafunk_ghost_smash,
          chequers_serial_rivers_small_3, grunt_ministairs_6,
          corexii_hall_statues_deadend, nemelex_spade_bored_becter

Skill      XL: |  1  2  3  4  5  6 |
---------------+-------------------+-----
Dodging        | 2 |  2.5
Maces & Flails | 3 |  3.9
Translocations | 4 |  4.5
Fighting       | 3 |  3.1
Throwing       | |  0.6
Armour         | |  0.7
Spellcasting   | |  2.9

Action                   |  1- 3 |  4- 6 || total
-------------------------+-------+-------++-------
Melee: Mace              |    92 |    94 ||   186
       Tailslap          |     7 |    12 ||    19
       Great mace        |       |    54 ||    54
Throw: Boomerang         |     1 |     4 ||     5
 Cast: Blink             |     7 |     6 ||    13
       Gell's Gravitas   |       |    11 ||    11
 Abil: Rolling Charge    |    21 |    11 ||    32
  Use: Scroll            |       |     3 ||     3
Armor: Leather armour    |    56 |       ||    56
       Robe              |     3 |    80 ||    83
Dodge: Dodged            |    50 |   134 ||   184
